 Dungeon Crawl Stone Soup version 0.17-a0-81-g781747f (webtiles) character file.

1241 Shadows the Covered (level 8, -8/50 HPs)
             Began as a Gargoyle Gladiator on Mar 15, 2015.
             Mangled by a goliath beetle (14 damage)
             ... on level 6 of the Dungeon.
             The game lasted 00:41:44 (5567 turns).

Shadows the Covered (Gargoyle Gladiator)            Turns: 5567, Time: 00:41:45

Health: -8/50      AC: 20    Str: 18    XL:     8   Next: 49%
Magic:  8/8        EV:  9    Int: 10    God:
Gold:   141        SH:  0    Dex: 12    Spells: 0 memorised, 7 levels left

rFire  . . .     SeeInvis .     K - +1 mace (holy)
rCold  . . .     Clarity  .     r - +1 chain mail
rNeg   + . .     SustAb   .     (no shield)
rPois  ∞         Gourm    .     h - +2 helmet
rElec  +         Spirit   .     o - +0 cloak
rCorr  .         Warding  .     (no gloves)
rMut   .         Stasis   .     (no boots)
MR     .....                    (no amulet)
Stlth  ..........               (no ring)
                                (no ring)

@: about to teleport, not resistant to hostile enchantments, extremely
unstealthy
A: negative energy resistance 1, electricity resistance, unbreathing,
petrification resistance, rot immunity, AC +5
a: no special abilities


You were on level 6 of the Dungeon.
You were not hungry.

You visited 1 branch of the dungeon, and saw 6 of its levels.

You collected 141 gold pieces.

Inventory:

Hand weapons
 c - a +0 shortbow
 e - a +4 quarterstaff of chaos
 u - a +0 hunting sling
 K - a +1 mace of holy wrath (weapon)
Missiles
 b - 9 steel sling bullets
 d - 3 throwing nets (quivered)
 g - 50 sling bullets
 k - 45 poisoned needles
 n - 54 arrows
 v - 21 stones
 G - 12 javelins
Armour
 h - a +2 helmet (worn)
 o - a +0 cloak (worn)
 r - a +1 chain mail (worn)
 J - the +2 pair of gloves of the Many Hells {-Tele +Fly MP+9 Dex-3}
   (You found it on level 5 of the Dungeon)

   It affects your dexterity (-3).
   It affects your magic capacity (+9).
   It lets you fly.
   It prevents most forms of teleportation.
Magical devices
 p - a wand of polymorph (19)
 t - a wand of frost (22)
 A - a wand of teleportation (2)
 I - a wand of flame (18)
 L - a wand of confusion (21)
Scrolls
 a - a scroll of recharging
 s - a scroll of noise {unknown}
 w - a scroll of fog
 y - a scroll of remove curse
 F - a scroll of enchant armour
 H - 2 scrolls of teleportation
Potions
 i - 5 potions of brilliance
 j - a potion of agility {unknown}
 l - 2 potions of heal wounds {unknown}
 x - 5 potions of curing {unknown}
 D - a potion of poison {unknown}
Comestibles
 f - 2 bread rations
 m - a meat ration
 E - 2 fruits


   Skills:
 + Level 5.4 Fighting
   Level 3.4 Long Blades
 + Level 0.8(2.6) Maces & Flails
 + Level 4.0 Staves
 + Level 2.2 Throwing
 + Level 5.7 Armour
 + Level 4.5 Dodging
 + Level 0.5 Stealth


You had 7 spell levels left.
You didn't know any spells.

Dungeon Overview and Level Annotations

Branches:
Dungeon (6/15)             Temple (0/1) D:5

Altars:


Innate Abilities, Weirdness & Mutations

You are resistant to torment.
You are immune to poison.
Your stone body is very resilient (AC +5).
You resist negative energy.
You are resistant to electric shocks.
You can survive without breathing.
You are immune to petrification.
You are immune to rotting.


Message History

You're already wearing that object!
Take off which item? (? for menu, Esc to quit)
Keep disrobing?
You start removing your armour.
You continue taking off the +2 pair of gloves of the Many Hells {-Tele +Fly MP+9 Dex-3}.
The goliath beetle bites you but does no damage.
You continue taking off the +2 pair of gloves of the Many Hells {-Tele +Fly MP+9 Dex-3}. x2
The goblin shouts!
The goliath beetle bites you.
* * * LOW HITPOINT WARNING * * *
You continue taking off the +2 pair of gloves of the Many Hells {-Tele +Fly MP+9 Dex-3}.
You finish taking off the +2 pair of gloves of the Many Hells {-Tele +Fly MP+9 Dex-3}.
Read which item? (? for menu, Esc to quit)
As you read the scroll of teleportation, it crumbles to dust.
You feel strangely unstable. The goliath beetle bites you!
* * * LOW HITPOINT WARNING * * *
You hit the goliath beetle.
The goliath beetle is severely wounded.
The goliath beetle bites you!
You die...

####### #.# .# #.#
.########.######
...............# ≈
########.......# ≈≈≈
###..[.<..## P≈P≈
####..........# ≈≈≈≈P
#.............##.≈≈g♣P≈
#.............@B.≈≈≈≈P≈
#..#.##.#....#####♣♣≈≈P
###.....#.#....#
..........##.#.#
.####...####.#.#
<#####.#####.#.#####
.#...................
.#.###.#############
.#.# #.#


You could see a goliath beetle and a goblin.

Vanquished Creatures
  A necrophage (D:5)
  A water moccasin (D:5)
  A sky beast (D:6)
  2 ogres
  A phantom (D:4)
  A centaur (D:6)
  3 crimson imps
  2 hounds (D:5)
  Crazy Yiuf (D:2)
  3 giant frog skeletons
  4 worker ants
  A hound skeleton (D:5)
  Robin (D:2)
  4 gnolls (D:5)
  6 adders
  A giant mite (D:1)
  4 giant geckos
  2 oozes
  3 orcs (D:3)
  9 bats
  A bat skeleton (D:4)
  24 goblins
  16 hobgoblins
  10 jackals
  4 quokkas
  2 ball pythons
  5 giant cockroaches
  2 giant newts (D:1)
  12 kobolds
  A quokka skeleton (D:6)
  2 quokka zombies (D:5)
  17 rats
  3 plants (D:3)
150 creatures vanquished.

Vanquished Creatures (collateral kills)
  A goblin (D:3)
  A giant gecko (D:3)
  A rat (D:3)
3 creatures vanquished.

Vanquished Creatures (others)
  A gnoll shaman (D:5)
1 creature vanquished.

Grand Total: 154 creatures vanquished

Notes
Turn   | Place    | Note
--------------------------------------------------------------
     0 | D:1      | Shadows, the Gargoyle Gladiator, began the quest for the Orb.
     0 | D:1      | Reached XP level 1. HP: 12/12 MP: 1/1
   161 | D:1      | Reached XP level 2. HP: 16/18 MP: 2/2
   265 | D:1      | Reached skill level 3 in Long Blades
   351 | D:1      | Reached XP level 3. HP: 22/22 MP: 3/3
   795 | D:2      | Noticed Robin
   880 | D:2      | Noticed Crazy Yiuf
   885 | D:2      | Killed Crazy Yiuf
   885 | D:2      | Reached XP level 4. HP: 27/27 MP: 4/4
  1080 | D:1      | Reached skill level 1 in Armour
  1235 | D:2      | You fall through a shaft!
  1678 | D:2      | Reached XP level 5. HP: 31/31 MP: 5/5
  1686 | D:2      | Killed Robin
  1822 | D:2      | Reached skill level 1 in Staves
  3318 | D:4      | Noticed a phantom
  3380 | D:4      | Killed a phantom
  3380 | D:4      | Reached XP level 6. HP: 37/37 MP: 6/6
  3510 | D:4      | Reached skill level 4 in Dodging
  3510 | D:4      | Reached XP level 7. HP: 7/42 MP: 7/7
  4503 | D:5      | Entered Level 5 of the Dungeon
  4626 | D:5      | Found a staircase to the Ecumenical Temple.
  4638 | D:5      | Reached XP level 8. HP: 45/48 MP: 8/8
  4648 | D:5      | Reached skill level 5 in Armour
  4803 | D:5      | Got a pair of distressingly furry gloves
  4832 | D:5      | Identified the +2 pair of gloves of the Many Hells {-Tele +Fly MP+9 Dex-3} (You found it on level 5 of the Dungeon)
  5129 | D:6      | Reached skill level 5 in Fighting
  5567 | D:6      | Mangled by a goliath beetle

Action                   |  1- 3 |  4- 6 |  7- 9 || total
-------------------------+-------+-------+-------++-------
Melee: Long sword        |    65 |       |       ||    65
       Quarterstaff      |       |   175 |    60 ||   235
       Hammer            |       |    48 |       ||    48
       Mace              |       |       |    46 ||    46
Throw: Throwing net      |       |     1 |       ||     1
  Use: Scroll            |     2 |     5 |     6 ||    13
  Eat: Bread ration      |       |     2 |       ||     2
       Meat ration       |       |       |     1 ||     1
       Beef jerky        |       |       |     1 ||     1
